 Dungeon Crawl Stone Soup version 0.30-a0-50-gb2d611f6b1 (webtiles) character file.

Game seed: 4403897560482552878

520 Destapler the Shield-Bearer (level 7, -6/78 HPs)
             Began as a Barachi Arcane Marksman on Sept 3, 2022.
             Mangled by a wyvern (9 damage)
             ... on level 5 of the Dungeon.
             The game lasted 00:23:29 (5887 turns).

Destapler the Shield-Bearer (BaAM)                  Turns: 5887, Time: 00:23:30

Health: -6/78      AC:  7    Str: 11    XL:     7   Next: 21%
Magic:  11/11      EV:  7    Int: 14    God:
Gold:   255        SH: 10    Dex: 14    Spells: 10/11 levels left

rFire   . . .      SeeInvis .    b - +0 long sword
rCold   . . .      Faith    .    i - +1 kite shield
rNeg    . . .      Spirit   .    s - +0 scale mail
rPois   .          Reflect  .    (no helmet)
rElec   .          Harm     .    p - +0 cloak
rCorr   .          Rampage  .    (no gloves)
Will    .....                    (no boots)
Stlth   ..........               (no amulet)
HPRegen 0.23/turn                u - ring of wizardry
MPRegen 0.12/turn                (no ring)

@: berserking, quick
A: amphibious, slowness 1, strong legs 1, +LOS
a: Hop


You were on level 5 of the Dungeon.
You visited 1 branch of the dungeon, and saw 5 of its levels.

You collected 255 gold pieces.

Inventory:

Hand Weapons
 a - a +2 sling
 b - a +0 long sword (weapon)
 e - a +2 flail of draining
Missiles
 w - a throwing net
Armour
 h - an orb of light
 i - a +1 kite shield (worn)
 p - a +0 cloak (worn)
 s - a +0 scale mail (worn)
Jewellery
 u - a ring of wizardry (left hand)
Scrolls
 m - a scroll of enchant armour
 o - a scroll of fear {unknown}
 q - a scroll of teleportation {unknown}
 v - 2 scrolls of poison
Potions
 c - a potion of ambrosia
 d - 3 potions of haste
 g - 3 potions of curing
 j - 2 potions of heal wounds
 l - 2 potions of degeneration
 t - a potion of attraction


   Skills:
 - Level 3.0 Fighting
 - Level 3.0 Ranged Weapons
 + Level 2.7 Armour
 - Level 3.0 Dodging
 + Level 2.5 Stealth
 * Level 3.4 Shields
 + Level 2.9 Spellcasting
 - Level 3.2 Hexes
 + Level 2.1 Translocations


You had 10 spell levels left.
You knew the following spells:

 Your Spells              Type           Power      Damage    Failure   Level
a - Slow                  Hex            44%        N/A       34%         1

Your spell library contained the following spells:

 Spells                   Type           Power      Damage    Failure   Level
 Portal Projectile        Hex/Tloc       18%        N/A       78%         3
 Sandblast                Erth           4%         2d4       80%         1
 Summon Small Mammal      Summ           8%         N/A       80%         1
 Passwall                 Tmut/Erth      1%         N/A       89%         2
 Inner Flame              Hex/Fire       6%         N/A       89%         3
 Summon Guardian Golem    Hex/Summ       6%         N/A       89%         3
 Cause Fear               Hex            5%         N/A       97%         4
 Call Canine Familiar     Summ           2%         N/A       98%         3
 Stone Arrow              Conj/Erth      4%         3d7       98%         3


Dungeon Overview and Level Annotations

Branches:
Dungeon (5/15)             Temple (0/1) D:5

Altars:


Innate Abilities, Weirdness & Mutations

You are amphibious.
You cover ground slowly.
You can hop short distances.
You have an extended range of vision and can be seen from far away.


Message History

You shoot a sling bullet.
The sling bullet closely misses the wyvern.
You block the wyvern's attack. The wyvern bites you. The wyvern bites you!
You shoot a sling bullet.
The sling bullet closely misses the wyvern.
You block the wyvern's attack. x2
You shoot a sling bullet. The sling bullet hits the wyvern.
The wyvern is lightly wounded.
The wyvern bites you. The wyvern barely misses you.
You shoot a sling bullet.
The sling bullet barely misses the wyvern.
You block the wyvern's attack. The wyvern bites you!
* * * LOW HITPOINT WARNING * * *
You block the wyvern's attack.
You are too injured to fight recklessly!
You are too injured to fight recklessly!
You are too injured to fight recklessly!
You are too injured to fight recklessly!
You are too injured to fight recklessly!
You are too injured to fight recklessly!
You are too injured to fight recklessly!
You are too injured to fight recklessly!
You are too injured to fight recklessly!
You are too injured to fight recklessly!
Do you really want to go berserk while wielding your +2 sling?
A red film seems to cover your vision as you go berserk!
You feel yourself moving faster!
You feel mighty! You block the wyvern's attack. The wyvern bites you!
* * * LOW HITPOINT WARNING * * *
b - a +0 long sword (weapon)
You feel a strong urge to attack something.
You are too injured to fight recklessly!
You are too injured to fight recklessly!
You are too injured to fight recklessly!
You slash the wyvern!
The wyvern is heavily wounded.
The wyvern bites you.
* * * LOW HITPOINT WARNING * * *
The wyvern bites you!
You die...

,,,*,***,*,,.$,*,*##,*,...,*##...
,,***,,,***,,?***,,.###.,.###.(..
**,*,,,,,*,*##.*,,,,.#.###.##....
*,,,*,,,*,,,#..,*,,,#...#...#....
*,,,*****,,,#...#####...#...#...#
*,,,*,,,*,,,#...#...#...#...#...#
**,*,,,,,*,***,#.....#.###.#...##
,,***,,,***,,,*##l..###...##...#
,,,*,***,*,,,,,#@###.#.....#..##
,,*,,,*,,,*,,,#...#...#...#...#
***,,,*,,,****#...#...#####..##
,,*,,,*,,,*,,,#...#...#,,,#..#
,,,*,***,*,,,,.#.###.#.,,,.#.#
,,***,,,***,,.###.,.###.,.####
**,,,,,,,,,**#,**###* *###,,*
**,,,,,,,,,,,,** **,,,,** *
*,,,,,,>,,,,,,******,,,,,*** *


You could see a wyvern.

Vanquished Creatures
  Edmund (D:5)
  A hound (D:5)
  Terence (D:2)
  2 iguanas (D:5)
  2 orc wizards
  6 adders
  4 gnolls (D:3)
  5 worms
  2 dart slugs (D:3)
  13 orcs
  5 ball pythons
  7 endoplasms
  7 giant cockroaches
  8 goblins
  9 hobgoblins
  12 jackals
  6 quokkas
  11 bats
  5 frilled lizards
  10 kobolds
  2 rats
119 creatures vanquished.

Vanquished Creatures (others)
  4 plants (D:1)
4 creatures vanquished.

Grand Total: 123 creatures vanquished

Notes
Turn   | Place    | Note
-------+----------+-------------------------------------------
     0 | D:1      | Destapler the Barachi Arcane Marksman began the quest for
                  | the Orb.
     0 | D:1      | Reached XP level 1. HP: 15/15 MP: 2/2
     6 | D:1      | Noticed a wyvern
     6 | D:1      | Noticed a hound
     7 | D:1      | Noticed a redback
     7 | D:1      | Noticed a black bear
   181 | D:1      | Reached XP level 2. HP: 18/21 MP: 3/3
   336 | D:1      | Reached skill level 1 in Stealth
   341 | D:1      | Reached XP level 3. HP: 27/27 MP: 5/5
   576 | D:1      | Reached skill level 1 in Armour
  1103 | D:2      | Noticed Terence
  1116 | D:2      | Killed Terence
  1117 | D:2      | Reached XP level 4. HP: 14/33 MP: 2/6
  1462 | D:2      | Reached skill level 1 in Shields
  2403 | D:4      | Reached XP level 5. HP: 37/39 MP: 7/7
  3025 | D:3      | Found a faded altar of an unknown god.
  3408 | D:3      | Reached skill level 1 in Translocations
  3984 | D:4      | Reached XP level 6. HP: 46/46 MP: 9/9
  5166 | D:5      | Entered Level 5 of the Dungeon
  5289 | D:5      | Noticed Edmund
  5309 | D:5      | Killed Edmund
  5517 | D:5      | Reached XP level 7. HP: 46/52 MP: 11/11
  5875 | D:5      | Noticed a wyvern
  5887 | D:5      | HP: 3/78 [wyvern (4)]
  5887 | D:5      | Mangled by a wyvern

Illustrated notes

Levels and vault maps discovered:
D:1:      onia_arrival_zoo_common, layout_rooms, serial_bayou,
          serial_bayou_crossing, serial_bayou_pond_b, serial_bayou_pond_b,
          serial_bayou_shore_b, minmay_circled_x
D:2:      layout_loops_ring, corexii_corridor_pit, minmay_stone_trees_small,
          nicolae_wormholes, uniq_terence
D:3:      minmay_inner_zag, layout_basic, nicolae_ecumenical_lake_church,
          chequers_arboretum
D:4:      layout_loops_ring, dk_rats_in_the_wall
D:5:      nicolae_cairo_tiling, layout_cave_pods, grunt_decor_fettered,
          uniq_ijyb, uniq_edmund

Skill      XL: |  1  2  3  4  5  6  7 |
---------------+----------------------+-----
Stealth        | 1 2 |  2.5
Fighting       | 2 3 |  3.0
Armour         | 1 2 |  2.7
Shields        | 1 2 3 |  3.4
Spellcasting   | 2 |  2.9
Translocations | 1 2 |  2.1
Dodging        | 3 |  3.0
Ranged Weapons | 3 |  3.0
Hexes          | |  3.2

Action                   |  1- 3 |  4- 6 |  7- 9 || total
-------------------------+-------+-------+-------++-------
Melee: Long sword        |       |    14 |     1 ||    15
       Sling             |       |     2 |       ||     2
 Fire: Sling             |   146 |   265 |    52 ||   463
 Cast: Slow              |     4 |     8 |       ||    12
 Abil: Hop               |     3 |     3 |     2 ||     8
  Use: Scroll            |       |    12 |       ||    12
       Potion            |       |     2 |     2 ||     4
Armor: Robe              |    17 |     3 |       ||    20
       Scale mail        |       |   101 |    14 ||   115
       Skin              |       |     4 |       ||     4
Dodge: Dodged            |    55 |    79 |    14 ||   148
Block: Kite shield       |       |    84 |    52 ||   136

Table legend: (Time is in decaauts)
 A = Elapsed time spent in this place.
 B = Non-inter-level travel time spent in this place.
 C = Inter-level travel time spent in this place.
 D = Time resting spent in this place.
 E = Time spent auto-exploring this place.
 F = Levels seen in this place.
 G = Mean time per level.
                   A        B        C        D        E       F      G
               +--------+--------+--------+--------+--------+-----+--------+
         Total |   6724 |   6137 |    587 |    932 |   4032 |   5 | 1344.8 |
       Dungeon |   6724 |   6137 |    587 |    932 |   4032 |   5 | 1344.8 |
               +--------+--------+--------+--------+--------+-----+--------+

Top non-repeatable levels by time:
     D:3: 2351 daAuts
     D:2: 1422 daAuts
     D:4: 1141 daAuts
     D:1: 1015 daAuts
     D:5: 793 daAuts
